Map: El Dorado

Players

llllllllllll - Winner!

  • Race: Terran Terran
  • League: Diamond
  • Spawn Location: 7:00

PIMBA

  • Race: Terran Terran
  • League: Diamond
  • Spawn Location: 5:00

VOD

Have the link to the VOD?

Description

Time

  • Played on: April 25, 2025, 7:15 a.m.
  • Length: 6:08
Show
View Real Time Build Order
Export as new Build Order

llllllllllll Terran - Winner!

Build Orders:  

Get SALT Encoding   

  12  0:00  SCV  
  13  0:13  SCV  
  14  0:20  Supply Depot  
  14  0:25  SCV  
  15  0:30  Refinery  
  15  0:41  SCV  
  16  0:49  Barracks  
  16  0:54  SCV  
  17  1:01  Refinery  
  17  1:06  SCV  
  18  1:18  SCV  
  20  1:36  Orbital Command, Barracks Reactor  
  19  1:47  Factory  
  19  2:12  Marine x2  
  21  2:30  Marine x2  
  21  2:32  Factory Tech Lab  
  21  2:33  Starport  
  24  2:46  Supply Depot  
  24  2:48  Marine  
  25  2:52  Siege Tank  
  27  3:06  Marine x2  
  29  3:12  Medivac  
  31  3:27  Siege Tank  
  31  3:32  Marine x2  
  35  3:52  Viking  
  37  4:00  SCV  
  37  4:01  Marine  
  39  4:06  Marine  
  38  4:12  SCV  
  38  4:31  Viking  
  38  4:36  Marine  
  39  4:51  Supply Depot  
  39  5:13  SCV, Marine, Siege Tank, Viking  
  46  5:14  Supply Depot  
  46  5:20  Marine  
  47  5:36  SCV  
  50  5:55  Supply Depot  
Show
View Real Time Build Order
Export as new Build Order

PIMBA Terran 

Build Orders: Reaper Expand 

Get SALT Encoding   

  12  0:00  SCV  
  13  0:12  SCV  
  14  0:18  Supply Depot  
  14  0:24  SCV  
  15  0:39  SCV  
  15  0:41  Barracks  
  16  0:46  Refinery  
  16  0:51  SCV  
  17  1:04  SCV  
  18  1:16  SCV  
  19  1:28  Orbital Command  
  19  1:29  Reaper  
  20  1:41  Bunker  
  20  1:56  Command Center  
  20  2:00  Marine  
  21  2:08  Supply Depot  
  21  2:18  Marine  
  21  2:20  Factory  
  22  2:23  SCV  
  23  2:31  Refinery  
  23  2:35  SCV  
  23  2:36  Marine  
  25  2:48  SCV  
  26  2:54  Marine  
  27  3:00  SCV  
  27  3:04  Starport, Factory Tech Lab  
  28  3:10  Orbital Command  
  28  3:12  SCV, Marine  
  30  3:24  SCV, Cyclone  
  34  3:36  SCV  
  34  3:37  SCV  
  34  3:41  Viking  
  38  3:46  Supply Depot  
  38  3:53  SCV  
  38  3:54  SCV  
  40  3:56  Siege Tank  
  43  4:09  SCV  
  44  4:11  Viking  
  17  4:52  Viking  
  16  4:56  SCV x2  
Tags
 
Matchup
TvT
Race
Terran
Replay Pack
kreditionep2
Spawn Locations
Close Positions
Add a new tag
Caveats
  • Supply blocks, unpowered buildings, or Contaminate may cause inaccurate times.
  • Supply counts are checked every 10 seconds.